 Dungeon Crawl Stone Soup version 0.19.5 (webtiles) character file.

3603 Azzok the Fighter (level 9, -1/91 HPs)
             Began as a Minotaur Fighter on July 14, 2017.
             Was a Priest of Okawaru.
             Slain by Erica
             ... wielding a +4 scimitar of flaming
              (2 damage)
             ... on level 8 of the Dungeon.
             The game lasted 00:10:36 (6841 turns).

Azzok the Fighter (Minotaur Fighter)                Turns: 6841, Time: 00:10:37

Health: -1/91      AC: 18    Str: 25    XL:     9   Next: 86%
Magic:  11/13      EV:  9    Int:  5    God:    Okawaru [***...]
Gold:   458        SH: 12    Dex: 14    Spells: 0 memorised, 8 levels left

rFire  . . .     SeeInvis .     a - +0 long sword
rCold  + + .     Gourm    .     p - +3 chain mail {rC+}
rNeg   . . .     Faith    .     c - +0 shield
rPois  .         Spirit   .     (helmet restricted)
rElec  .         Reflect  .     v - +0 cloak
rCorr  .         Harm     .     A - +0 pair of gloves
MR     .....                    k - +0 pair of boots
Stlth  ..........               (no amulet)
                                (no ring)
                                m - ring of protection from cold

@: mighty, lethally poisoned (-1 -> -9), heroism, drained
A: retaliatory headbutt, horns 2
a: Heroism, Renounce Religion


You were on level 8 of the Dungeon.
You worshipped Okawaru.
Okawaru was most pleased with you.
You were not hungry.

You visited 2 branches of the dungeon, and saw 9 of its levels.

You collected 458 gold pieces.

Inventory:

Hand Weapons
 a - a +0 long sword (weapon)
 x - a +0 shortbow
Missiles
 l - 156 arrows
Armour
 c - a +0 shield (worn)
 k - a +0 pair of boots (worn)
 p - a +3 chain mail of cold resistance (worn)
 v - a +0 cloak (worn)
 A - a +0 pair of gloves (worn)
Jewellery
 m - a ring of protection from cold (left hand)
Wands
 G - a wand of iceblast (10/15)
Scrolls
 h - 2 scrolls of recharging {unknown}
 i - 7 scrolls of identify {unknown}
 j - 2 scrolls of remove curse {unknown}
 o - a scroll of magic mapping {unknown}
 s - a scroll of enchant weapon {unknown}
 w - 3 scrolls of fog {unknown}
 z - a scroll of blinking {unknown}
 D - a scroll of teleportation {unknown}
Potions
 d - a potion of might
 e - a potion of invisibility
 g - 2 potions of lignification {unknown}
 n - 2 potions of degeneration {unknown}
 q - 5 potions of curing {unknown}
 r - 2 potions of ambrosia {unknown}
 t - a potion of agility {unknown}
 u - 2 potions of mutation {unknown}
 B - a potion of haste {unknown}
 H - a potion of brilliance {unknown}
Books
 y - a book of Conjurations

   Spells                             Type                      Level
   a - Magic Dart                     Conjuration                  1
   b - Searing Ray                    Conjuration                  2
   c - Dazzling Spray                 Conjuration/Hexes            3
   d - Fulminant Prism                Conjuration/Hexes            4
   e - Iskenderun's Mystic Blast      Conjuration                  4
   f - Iskenderun's Battlesphere      Conjuration/Charms           5
Comestibles
 b - 2 meat rations {@e2}
 f - 6 bread rations {@e1}
 C - 3 fruits
 E - 2 beef jerkies
 F - 8 slices of pizza
 I - 7 chunks of flesh {@w0}


   Skills:
 + Level 12.4(17.0) Fighting
 - Level 2.4(7.1) Long Blades
 + Level 7.3(12.0) Bows
 - Level 3.6(8.3) Armour
 - Level 3.6(8.3) Shields
 + Level 7.0(6.7) Invocations


You had 8 spell levels left.
You didn't know any spells.

Dungeon Overview and Level Annotations

Branches:
Dungeon (8/15)             Temple (1/1) D:5
   Lair: D:8-11

Altars:
Ashenzari
Cheibriados
Elyvilon
Fedhas
Gozag
Hepliaklqana
Kikubaaqudgha
Makhleb
Nemelex Xobeh
Okawaru
Qazlal
Ru
Sif Muna
Trog
Uskayaw
Vehumet
Xom
Yredelemnul
Zin
The Shining One

Shops:
D:8 %

Annotations:
D:8 Erica


Innate Abilities, Weirdness & Mutations

You reflexively headbutt those who attack you in melee.
You have a pair of horns on your head.


Message History

You feel sick.
You hear some strange, mumbled words.
A bolt of poison appears from out of thin air!
The bolt of poison misses you.
You take 2 damage, and have 8/91 hp.
You now have 11/13 mp.
You closely miss something.
* * * LOW HITPOINT WARNING * * *
You feel sick. You block something's attack.
You take 1 damage, and have 7/91 hp.
You barely miss something. Your headbutt misses something.
* * * LOW HITPOINT WARNING * * *
You feel sick. Something hits you.
* * * LOW HITPOINT WARNING * * *
Something burns you.
* * * LOW HITPOINT WARNING * * *
You take 5 damage, and have 2/91 hp.
You miss something. Your headbutt misses something.
* * * LOW HITPOINT WARNING * * *
You feel sick. Something hits you.
You die...

▒···············▒▒
▒▒▒ ▒····
▒▒▒▒▒▒▒▒·······▒▒≈
▒ ▒····
▒····)········▒▒·
▒≈▒⌠ ▒····
▒·▒▒▒▒······▒▒▒▒·
▒··· ▒···> ▒·▒
▒▒▒▒▒····▒≈▒ ▒[▒≈·
▒▒▒▒' ▒·▒
▒··▒▒▒^▒▒·▒▒▒· ▒·
▒<▒ ▒··▒▒▒[····▒≈·
▒· ▒▒▒
▒···)▒≈▒≈··▒≈· ▒·
▒·▒▒)@▒·▒▒··⌠· ▒·
▒·▒▒▒▒{≈···▒≈▒ ▒·
▒·▒ ▒≈·▒!·▒·▒ ▒▒
▒▒▒ ▒····▒≈·▒
▒··▒····⌠
▒▒·▒⌠⌠≈▒▒ ≈·⌠·▒··
▒≈▒▒· ≈ ▒··▒▒


There were no monsters in sight!

Vanquished Creatures
  A two-headed ogre (D:8)
  Grinder (D:5)
  2 wyverns
  Sigmund (D:3)
  4 hogs (D:7)
  A human (D:7)
  Grum (D:8)
  2 phantoms (D:7)
  A sky beast (D:6)
  An orc warrior (D:6)
  3 ogres
  2 wolves (D:8)
  2 centaurs (D:6)
  4 bullfrogs
  4 howler monkeys
  4 hounds
  A jelly (D:6)
  An orc wizard (D:7)
  A bullfrog skeleton (D:8)
  A gnoll shaman (D:7)
  Ijyb (D:2)
  An iguana (D:8)
  2 worker ants
  A howler monkey skeleton (D:5)
  4 gnolls
  12 adders
  2 shadow imps
  An ooze (D:3)
  An adder zombie (D:8)
  A worm (D:2)
  4 dart slugs
  5 leopard geckos
  15 orcs
  2 ball pythons
  6 giant cockroaches
  5 goblins
  9 hobgoblins
  9 jackals
  6 kobolds
  8 bats
  7 frilled lizards
  2 leopard gecko zombies (D:5)
  6 rats
148 creatures vanquished.

Notes
Turn   | Place    | Note
-------+----------+-------------------------------------------
     0 | D:1      | Azzok the Minotaur Fighter began the quest for the Orb.
     0 | D:1      | Reached XP level 1. HP: 19/19 MP: 0/0
   314 | D:1      | Reached skill level 4 in Fighting
   358 | D:1      | Reached XP level 2. HP: 21/27 MP: 1/1
   483 | D:1      | Reached skill level 5 in Fighting
   483 | D:1      | Reached XP level 3. HP: 33/36 MP: 2/2
  1297 | D:2      | Found a bloodstained altar of Trog.
  1548 | D:2      | Reached skill level 6 in Fighting
  1548 | D:2      | Reached XP level 4. HP: 43/44 MP: 3/3
  1742 | D:2      | Noticed Ijyb
  1751 | D:2      | Killed Ijyb
  2054 | D:3      | Noticed Sigmund
  2093 | D:3      | Killed Sigmund
  2093 | D:3      | Reached skill level 8 in Fighting
  2093 | D:3      | Reached XP level 5. HP: 29/53 MP: 4/4
  2093 | D:3      | Reached XP level 6. HP: 33/61 MP: 5/5
  2880 | D:3      | Found a deep blue altar of Sif Muna.
  3418 | D:4      | Found a sacrificial altar of Ru.
  3594 | D:5      | Entered Level 5 of the Dungeon
  3671 | D:5      | Noticed Grinder
  3676 | D:5      | Paralysed by Grinder for 7 turns
  3693 | D:5      | Paralysed by Grinder for 2 turns
  3805 | D:5      | Killed Grinder
  3805 | D:5      | Reached skill level 9 in Fighting
  3805 | D:5      | Reached XP level 7. HP: 44/70 MP: 6/6
  3927 | D:5      | Found a stormy altar of Qazlal.
  3958 | D:5      | Found a staircase to the Ecumenical Temple.
  3966 | Temple   | Entered the Ecumenical Temple
  3993 | Temple   | Became a worshipper of Warmaster Okawaru
  4031 | D:5      | Found an opulent altar of Gozag.
  4221 | D:5      | Found a basalt altar of Yredelemnul.
  4221 | D:5      | Found a faded altar of an unknown god.
  4226 | D:5      | Found a snail-covered altar of Cheibriados.
  4228 | D:5      | Found a faded altar of an unknown god.
  4229 | D:5      | Found a white marble altar of Elyvilon.
  4435 | D:6      | Reached skill level 1 in Invocations
  4566 | D:6      | Reached skill level 10 in Fighting
  4566 | D:6      | Reached skill level 1 in Bows
  4570 | D:6      | Found an ancient bone altar of Kikubaaqudgha.
  4747 | D:6      | Reached * piety under Okawaru
  4977 | D:7      | Reached XP level 8. HP: 80/80 MP: 9/9
  5195 | D:7      | Reached skill level 11 in Fighting
  5201 | D:7      | Reached ** piety under Okawaru
  5201 | D:7      | Reached skill level 5 in Bows
  5207 | D:7      | Reached skill level 5 in Invocations
  5314 | D:7      | Reached XP level 9. HP: 71/89 MP: 11/11
  5642 | D:7      | Reached *** piety under Okawaru
  5864 | D:8      | Noticed Grum
  5879 | D:8      | Killed Grum
  5879 | D:8      | Reached skill level 12 in Fighting
  6671 | D:8      | Found Loacud's Food Shop.
  6809 | D:8      | Paralysed by an orc for 2 turns
  6818 | D:8      | Noticed Erica
  6840 | D:8      | HP: 3/91 [something (3)]
  6841 | D:8      | HP: 1/91 [poisoned by Erica (bolt of poison)]
  6841 | D:8      | Slain by Erica

Skill      XL: |  1  2  3  4  5  6  7  8  9 |
---------------+----------------------------+-----
Fighting       | 4 5 6 8 9 10 11 12 | 12.4
Invocations    | 3 5 7 |  7.0
Bows           | 2 5 7 |  7.3
Long Blades    | |  2.4
Armour         | |  3.6
Shields        | |  3.6

Action                   |  1- 3 |  4- 6 |  7- 9 || total
-------------------------+-------+-------+-------++-------
Melee: Long sword        |    92 |    98 |   301 ||   491
       Headbutt          |    18 |    24 |    86 ||   128
Invok: Heroism           |       |       |     2 ||     2
  Use: Potion            |       |     1 |     1 ||     2
  Eat: Chunk             |     2 |     7 |     6 ||    15
       Meat ration       |       |       |     1 ||     1
Armor: Scale mail        |    40 |    10 |       ||    50
       Chain mail        |       |    41 |   162 ||   203
Dodge: Dodged            |    29 |    20 |    76 ||   125
Block: Shield            |    43 |    43 |   170 ||   256
       Rpst.: Long sword |    13 |     5 |    37 ||    55
